 Dungeon Crawl Stone Soup version 0.30.1-4-g462c640d31 (webtiles) character file.

Game seed: 17287036228484193025

2544 kingsuperguy the Thaumaturge (level 9, -16/61 HPs)
             Began as a Mummy Necromancer on Aug 29, 2023.
             Was an Elder of Ru.
             Killed from afar by a steam dragon (21 damage)
             ... with a ball of steam
             ... on level 8 of the Dungeon.
             The game lasted 00:36:39 (7961 turns).

kingsuperguy the Thaumaturge (Mummy Necromancer)    Turns: 7961, Time: 00:36:40

Health: -16/61     AC:  9    Str: 12    XL:     9   Next: 30%
Magic:  17/23      EV: 12    Int: 18    God:    Ru [****..]
Gold:   457        SH:  0    Dex: 12    Spells: 16/29 levels left

rFire   x . .        s - staff of death
rCold   + . .        (shield unavailable)
rNeg    + + +        a - +0 robe
rPois   ∞            (no helmet)
rElec   .            m - +0 cloak
rCorr   .            i - +0 pair of gloves
SInv    .            v - +0 pair of boots
Will    +....        (no amulet)
Stlth   ++           (ring unavailable)
HPRegen 0.30/turn    l - +4 ring of protection
MPRegen 0.18/turn

%: faith
@: animating dead
A: cold resistance 1, negative energy resistance 3, torment resistance 2, heat
vulnerability 1, missing a hand, unskilled 1, in touch with death 1, no potions,
faith
a: Renounce Religion, Draw Out Power, Power Leap


You were on level 8 of the Dungeon.
You worshipped Ru.
Ru was greatly pleased with you.
You visited 1 branch of the dungeon, and saw 8 of its levels.

You collected 457 gold pieces.

Inventory:

Hand Weapons
 f - a +0 spear
 n - a +0 trident
 q - a +3 short sword
Missiles
 o - 2 throwing nets
Armour
 a - a +0 robe (worn)
 i - a +0 pair of gloves (worn)
 m - a +0 cloak (worn)
 p - a +0 helmet
 v - a +0 pair of boots (worn)
Magical Staves
 s - a staff of death (weapon)
Jewellery
 c - a ring of protection from fire
 d - a +6 ring of strength
 k - a ring of flight
 l - a +4 ring of protection (right hand)
Wands
 j - a wand of light (10)
Scrolls
 b - 9 scrolls of identify
 e - 2 scrolls of teleportation
 g - 2 scrolls of enchant armour
 r - a scroll of silence
 t - a scroll of vulnerability
 u - a scroll of acquirement {unknown}
Potions
 h - a potion of mutation {unknown}


   Skills:
 + Level 2.1 Fighting
 + Level 1.9 Staves
 + Level 2.9 Dodging
 + Level 2.0 Stealth
 * Level 10.7 Spellcasting
 + Level 6.6 Necromancy


You had 16 spell levels left.
You knew the following spells:

 Your Spells              Type           Power      Damage    Failure   Level
a - Necrotise             Necr           100%       1d9       1%          1
b - Vampiric Draining     Necr           66%        2d10      1%          3
c - Animate Dead          Necr           66%        N/A       4%          4
d - Agony                 Necr           66%        N/A       13%         5

Your spell library contained the following spells:

 Spells                   Type           Power      Damage    Failure   Level
 Magic Dart               Conj           36%        1d4       8%          1
 Shock                    Conj/Air       36%        1d5       8%          1
 Slow                     Hex            36%        N/A       8%          1
 Searing Ray              Conj           18%        2d5       11%         2
 Confusing Touch          Hex            9%         N/A       22%         3
 Swiftness                Air            9%         N/A       22%         3
 Airstrike                Air            4%         2d(1-17)  58%         4
 Fulminant Prism          Conj/Hex       4%         3d5       58%         4
 Haunt                    Necr/Summ      24%        N/A       100%        7
 Summon Hydra             Summ           4%         N/A       100%        7
 Infestation              Necr           33%        N/A       100%        8
 Sublimation of Blood     Necr           Unusable   N/A       N/A         2
 Wereblood                Tmut           Unusable   N/A       N/A         2

Dungeon Overview and Level Annotations

Branches:
Dungeon (8/15)             Temple (0/1) D:6
   Lair: D:8-11

Altars:
Ashenzari
Nemelex Xobeh
Ru

Shops:
D:3 (   D:4 (   D:5 *

Annotations:
D:3 2 transporters, Eli's ghost, amateur TeCj


Innate Abilities, Weirdness & Mutations

You are immune to poison.
Your flesh is cold resistant. (rC+)
You are immune to negative energy. (rN+++)
You are immune to unholy pain and torment.
You are vulnerable to heat. (rF-)
You are missing a hand.
You are somewhat unskilled. (-1 Apt)
You are in touch with the powers of death.
You do not drink.
You have a special connection with the divine. (Faith)


Message History

The steam dragon is lightly wounded.
You are engulfed in a cloud of scalding steam.
* * * LOW HITPOINT WARNING * * *
Your bullfrog zombie barely misses the steam dragon.
The steam dragon misses you.
The steam dragon claws you but does no damage.
Your orc zombie closely misses the steam dragon.
Your bullfrog zombie hits the steam dragon.
Your bullfrog zombie closely misses the steam dragon.
The steam dragon bites your bullfrog zombie!
The steam dragon claws your bullfrog zombie.
Your hornet zombie barely misses the steam dragon.
Your orc zombie barely misses the steam dragon.
Your bullfrog zombie hits the steam dragon.
Your hornet zombie closely misses the steam dragon.
The steam dragon bites your bullfrog zombie.
The steam dragon claws your bullfrog zombie.
Things that are here:
a +0 dire flail; a +0 chain mail Your bullfrog zombie hits the steam dragon.
Your hornet zombie hits the steam dragon.
Your orc zombie barely misses the steam dragon.
The steam dragon breathes steam at you.
The ball of steam hits your bullfrog zombie!
The ball of steam hits you! The steam scalds you terribly!
* * * LOW HITPOINT WARNING * * *
You focus your inner power and slow something in retribution!
You see here a +0 short sword.
Okay, then.
Okay, then.
Your orc zombie hits the steam dragon but does no damage.
Your orc warrior zombie is engulfed in a cloud of scalding steam.
Your hornet zombie is engulfed in a cloud of scalding steam.
You see here a +0 short sword.
Your orc warrior zombie is engulfed in a cloud of scalding steam.
Your orc warrior zombie hits the steam dragon but does no damage.
The steam dragon breathes steam at you.
The ball of steam hits your hornet zombie!!
The ball of steam hits you!! The steam scalds you terribly!
You die...

#.##.# #.......D..#
#.##.#####...#Z...#
#.##.......ZD.....# ###
######..........Z###...#
#.. ........########.#
#...# #.# .######.# #.#
#...# #.# #.# #§#
#............. #.# #§#
#...###g..###. #># #@#
...T . #.# #.#


gg. . #.# #.# .. < ..# #.# # . ### #.. . ### There were no monsters in sight!

Vanquished Creatures
  A hornet (D:8)
  A wyvern (D:7)
  A water moccasin (D:5)
  2 orc warriors
  2 sky beasts (D:6)
  A black bear (D:7)
  An ogre (D:5)
  A centaur (D:7)
  2 phantoms
  4 scorpions (D:4)
  2 bullfrogs
  A howler monkey (D:6)
  3 hounds (D:6)
  An orc priest (D:5)
  4 jellies
  4 iguanas
  A sleepcap (D:5)
  3 orc wizards
  3 gnolls (D:3)
  3 adders
  2 white imps (D:6)
  3 worms (D:2)
  2 dart slugs
  19 orcs
  9 ball pythons
  14 endoplasms
  9 goblins
  4 hobgoblins
  3 jackals
  4 kobolds
  A quokka (D:4)
  7 bats
  2 frilled lizards (D:1)
  3 rats
123 creatures vanquished.

Vanquished Creatures (collateral kills)
  A water moccasin (D:6)
  An ogre (D:7)
  A scorpion (D:6)
  An orc priest (D:6)
  An adder (D:2)
  A dart slug (D:2)
  4 orcs
  2 ball pythons
  An endoplasm (D:3)
  A hobgoblin (D:1)
  A kobold (D:2)
15 creatures vanquished.

Vanquished Creatures (others)
  A bullfrog (D:8)
  A bullfrog zombie (D:8)
  An orc zombie (D:8)
3 creatures vanquished.

Grand Total: 141 creatures vanquished

Notes
Turn   | Place    | Note
-------+----------+-------------------------------------------
     0 | D:1      | kingsuperguy the Mummy Necromancer began the quest for the
                  | Orb.
     0 | D:1      | Reached XP level 1. HP: 13/13 MP: 4/4
   314 | D:1      | Reached XP level 2. HP: 19/19 MP: 1/5
   631 | D:1      | Reached skill level 3 in Spellcasting
   959 | D:1      | Gained mutation: You are in touch with the powers of death.
                  | [Mummy growth]
   959 | D:1      | Reached XP level 3. HP: 24/24 MP: 5/7
   963 | D:1      | Learned a level 3 spell: Vampiric Draining
  1461 | D:2      | Reached skill level 4 in Spellcasting
  1566 | D:2      | Reached XP level 4. HP: 30/30 MP: 2/10
  2370 | D:3      | Found a broken altar of Ashenzari.
  2546 | D:3      | Found a sacrificial altar of Ru.
  2583 | D:3      | Reached skill level 5 in Spellcasting
  2669 | D:3      | Reached XP level 5. HP: 35/35 MP: 8/12
  2858 | D:3      | Became a worshipper of Ru the Awakened
  2920 | D:3      | Reached skill level 5 in Necromancy
  2932 | D:3      | Found Liqic's Antique Weapon Emporium.
  3148 | D:3      | Found a transporter.
  3149 | D:3      | Noticed Eli's ghost (amateur TeCj)
  3149 | D:3      | Noticed an ogre
  3150 | D:3      | Found a transporter.
  3151 | D:3      | Noticed an ogre
  3622 | D:4      | Reached skill level 6 in Spellcasting
  3622 | D:4      | Reached XP level 6. HP: 42/42 MP: 8/15
  3793 | D:4      | Found Aqawun's Antique Weapon Boutique.
  3886 | D:4      | Reached skill level 7 in Spellcasting
  4327 | D:5      | Entered Level 5 of the Dungeon
  4360 | D:5      | Gained mutation: You are somewhat unskilled. (-1 Apt) [Ru
                  | sacrifice]
  4360 | D:5      | Reduced skill Spellcasting to level 6
  4360 | D:5      | Reached * piety under Ru
  4414 | D:5      | Noticed a water moccasin
  4433 | D:4      | Reached skill level 1 in Fighting
  4617 | D:5      | Killed a water moccasin
  4618 | D:5      | Reached skill level 7 in Spellcasting
  4618 | D:5      | Reached XP level 7. HP: 37/48 MP: 4/17
  4821 | D:5      | Learned a level 4 spell: Animate Dead
  4902 | D:6      | HP: 2/48 [orc wizard/magic dart (3)]
  5090 | D:6      | Reached skill level 8 in Spellcasting
  5161 | D:6      | Reached XP level 8. HP: 29/54 MP: 7/20
  5300 | D:6      | Reached skill level 9 in Spellcasting
  5733 | D:6      | Found a staircase to the Ecumenical Temple.
  5989 | D:5      | Found Juywutaq's General Store.
  6235 | D:6      | Reached skill level 1 in Staves
  7046 | D:7      | Learned a level 5 spell: Agony
  7078 | D:7      | Gained mutation: You are missing a hand. [Ru sacrifice]
  7078 | D:7      | Reached ** piety under Ru
  7078 | D:7      | Reached *** piety under Ru
  7078 | D:7      | Reached **** piety under Ru
  7273 | D:7      | Reached skill level 10 in Spellcasting
  7273 | D:7      | Reached XP level 9. HP: 61/61 MP: 17/23
  7695 | D:7      | Found a sparkling altar of Nemelex Xobeh.
  7783 | D:8      | Noticed a troll
  7949 | D:8      | HP: 1/61 [something/ball of steam (10)]
  7961 | D:8      | Killed from afar by a steam dragon

Illustrated notes

Levels and vault maps discovered:
D:1:      onia_arrival_mini_maze_b, layout_loops_ring,
          corexii_item_surrounded_by_moat
D:2:      minmay_thinvault, layout_basic
D:3:      layout_basic, mainiacjoe_overflow_alcove_1,
          mainiacjoe_overflow_cross_hatched, serial_shops, shop_statue,
          gammafunk_ghost_smash
D:4:      layout_gridville, serial_shops, nicolae_shop_tiny_glass,
          minmay_close_crescents
D:5:      layout_cave_pools, serial_shops, nicolae_shop_hallway_plus
D:6:      layout_layer_cave, minmay_temple_entry_antechambers
D:7:      layout_cave_pools, nemelex_dance_club_becter
D:8:      layout_loops_ring, gammafunk_temple_overflow_wave,
          yredelemnul_altar_generic, mainiacjoe_overflow_large_starburst

Skill      XL: |  1  2  3  4  5  6  7  8  9 |
---------------+----------------------------+-----
Spellcasting   | 3 4 5 6 7 8 10 | 10.7
Necromancy     | 5 6 |  6.6
Fighting       | 1 2 |  2.1
Dodging        | 2 |  2.9
Staves         | 1 |  1.9
Stealth        | 2 |  2.0

Action                     |  1- 3 |  4- 6 |  7- 9 || total
---------------------------+-------+-------+-------++-------
  Melee: Staff             |       |    12 |   258 ||   270
         Punch             |       |       |     1 ||     1
   Cast: Necrotise         |    78 |    96 |    74 ||   248
         Vampiric Draining |       |     5 |    20 ||    25
         Animate Dead      |       |       |     5 ||     5
         Agony             |       |       |     1 ||     1
 Invoke: Sacrifice Skill   |       |     1 |       ||     1
         Sacrifice a Hand  |       |       |     1 ||     1
    Use: Scroll            |       |     3 |     9 ||    12
   Stab: Distracted        |       |       |     1 ||     1
         Invisible         |       |       |     1 ||     1
         Sleeping          |       |       |     1 ||     1
 Armour: Robe              |     6 |    25 |   134 ||   165
  Dodge: Dodged            |    29 |    33 |   171 ||   233
